 Dungeon Crawl Stone Soup version 0.30-a0-292-g0f741e3f8e (webtiles) character file.

Game seed: 5535269495795934379

656 hikkokomori the Chopper (level 7, -2/64 HPs)
             Began as a Minotaur Berserker on Oct 18, 2022.
             Was a Believer of Trog.
             Constricted to death by Ijyb (6 damage)
             ... on level 3 of the Dungeon.
             The game lasted 00:04:53 (2519 turns).

hikkokomori the Chopper (Minotaur Berserker)        Turns: 2519, Time: 00:04:54

Health: -2/64      AC:  4    Str: 23    XL:     7   Next: 29%
Magic:  6/6        EV: 10    Int:  4    God:    Trog [**....]
Gold:   132        SH:  5    Dex: 10    Spells: 6/6 levels left

rFire   . . .      SeeInvis .    a - +0 hand axe
rCold   . . .      Faith    .    (no shield)
rNeg    . . .      Spirit   .    b - +0 animal skin
rPois   .          Reflect  +    (helmet restricted)
rElec   .          Harm     .    i - +0 cloak
rCorr   +          Rampage  .    l - +0 pair of gloves
Will    .....                    (no boots)
Stlth   +.........               d - amulet of reflection
HPRegen 0.30/turn                n - ring of resist corrosion
MPRegen 0.10/turn                (no ring)

@: grasped by roots, on berserk cooldown, slowed, constricted, very slow
A: horns 2, retaliatory headbutt
a: Renounce Religion, Berserk, Trog's Hand


You were on level 3 of the Dungeon.
You worshipped Trog.
Trog was pleased with you.
You visited 1 branch of the dungeon, and saw 3 of its levels.

You collected 220 gold pieces.
You spent 88 gold pieces at shops.

Inventory:

Hand Weapons
 a - a +0 hand axe (weapon)
Armour
 b - a +0 animal skin (worn)
 i - a +0 cloak (worn)
 l - a +0 pair of gloves (worn)
Jewellery
 d - an amulet of reflection (around neck)
 n - a ring of resist corrosion (left hand)
Scrolls
 h - a scroll of silence {unknown}
 k - a scroll of magic mapping
 o - a scroll of identify
Potions
 c - 2 potions of haste {unknown}
 e - a potion of ambrosia
 f - 2 potions of curing
 g - a potion of heal wounds
 j - 2 potions of might
 m - a potion of invisibility
 p - a potion of brilliance {unknown}


   Skills:
 * Level 6.5 Fighting
 * Level 6.6 Axes
 - Level 2.4 Armour
 * Level 5.4 Dodging


You had 6 spell levels left.
You didn't know any spells.
Your spell library was empty.

Dungeon Overview and Level Annotations

Branches:
Dungeon (3/15)

Altars:
Nemelex Xobeh
Lugonu

Shops:
D:1 !

Portals:
Abyss: D:1

Annotations:
D:3 Ijyb


Innate Abilities, Weirdness & Mutations

You have a pair of horns on your head.
You reflexively headbutt those who attack you in melee.


Message History

You hit Ijyb but do no damage. You headbutt Ijyb.
Ijyb is heavily wounded.
Your skin stops crawling.
You feel less strong-willed.
Ijyb zaps a wand.
The roots erupt in riotous growth!
The grasping roots grab you!
Ijyb is unaffected.
The grasping roots constrict you.
Unknown command.
You closely miss Ijyb. You headbutt Ijyb.
Ijyb is severely wounded.
Ijyb barely misses you. The grasping roots constrict you.
You block Ijyb's attack. The grasping roots constrict you.
Unknown command.
You closely miss Ijyb. Your headbutt misses Ijyb.
Ijyb is severely wounded.
Ijyb hits you with a +0 dagger. The grasping roots constrict you.
* * * LOW HITPOINT WARNING * * *
The grasping roots release their grip on you.
Unknown command.
You completely miss Ijyb. Your headbutt misses Ijyb.
Ijyb is severely wounded.
Ijyb hits you but does no damage.
Ijyb zaps a wand.
The roots erupt in riotous growth!
The grasping roots grab you!
Ijyb is unaffected.
The grasping roots constrict you.
* * * LOW HITPOINT WARNING * * *
You hit Ijyb.
Ijyb is severely wounded.
Ijyb hits you but does no damage. The grasping roots constrict you.
* * * LOW HITPOINT WARNING * * *
Unknown command.
You hit Ijyb.
Ijyb is almost dead.
Ijyb hits you with a +0 dagger.
* * * LOW HITPOINT WARNING * * *
The grasping roots constrict you.
* * * LOW HITPOINT WARNING * * *
Ijyb hits you with a +0 dagger.
* * * LOW HITPOINT WARNING * * *
The grasping roots constrict you.
You die...

##.## #...# #...##
#...# .)...# #####...#
.)...#####.......######
)).......'............#
#......###............#
(###.....#............#
..##.....######.......#
#.##...:...# #.@g....#
...[.......+ +..)......
...#.......# #.......#.
...#.......+ ........#
...###.....# ##.......#
...# #.##### #.......#
...# #.# #.......#
######'### ####.####
..#..†)..#


You could see Ijyb.

Vanquished Creatures
  Sigmund (D:3)
  A jelly (D:3)
  2 quasits (D:1)
  4 iron imps (D:1)
  Natasha (twice) (D:3)
  2 orc wizards (D:3)
  6 gnolls (D:2)
  An adder (D:3)
  4 shadow imps (D:1)
  2 ufetubi (D:1)
  2 worms (D:2)
  A dart slug (D:2)
  2 orcs (D:3)
  2 bats
  3 endoplasms (D:1)
  5 giant cockroaches
  5 goblins
  4 hobgoblins
  9 jackals
  13 quokkas
  A ball python (D:2)
  3 frilled lizards
  9 kobolds
  3 rats
87 creatures vanquished.

Vanquished Creatures (others)
  27 plants (D:2)
27 creatures vanquished.

Grand Total: 114 creatures vanquished

Notes
Turn   | Place    | Note
-------+----------+-------------------------------------------
     0 | D:1      | hikkokomori the Minotaur Berserker began the quest for the
                  | Orb.
     0 | D:1      | Reached XP level 1. HP: 19/19 MP: 0/0
    50 | D:1      | Reached XP level 2. HP: 17/27 MP: 1/1
    98 | D:1      | Found a large runed translucent door.
    98 | D:1      | Found a large runed translucent door.
    98 | D:1      | Found a corrupted altar of Lugonu.
   100 | D:1      | Found a one-way gate to the infinite horrors of the Abyss.
   434 | D:1      | Reached XP level 3. HP: 32/33 MP: 2/2
   566 | D:1      | Found Bamanamug's Distillery.
   577 | D:1      | Bought a potion of curing for 33 gold pieces
   577 | D:1      | Bought a potion of heal wounds for 55 gold pieces
   933 | D:1      | Reached ** piety under Trog
   934 | D:1      | Reached XP level 4. HP: 41/41 MP: 3/3
   937 | D:1      | Reached skill level 5 in Fighting
   937 | D:1      | Reached skill level 5 in Axes
   937 | D:1      | Reached XP level 5. HP: 48/48 MP: 4/4
  1089 | D:2      | Found a sparkling altar of Nemelex Xobeh.
  1096 | D:2      | Reached XP level 6. HP: 56/56 MP: 5/5
  2413 | D:3      | Noticed Natasha
  2423 | D:3      | Killed Natasha
  2424 | D:3      | Reached skill level 5 in Dodging
  2459 | D:3      | Noticed Natasha
  2463 | D:3      | Killed Natasha
  2496 | D:3      | Noticed Sigmund
  2502 | D:3      | Noticed Ijyb
  2512 | D:3      | Killed Sigmund
  2513 | D:3      | Reached XP level 7. HP: 34/64 MP: 6/6
  2519 | D:3      | Constricted to death by Ijyb

Illustrated notes

Levels and vault maps discovered:
D:1:      erik_arrival_cave_to_civilisation [erik_arrival_cave_to_temple],
          layout_basic, serial_shops, nicolae_square_shop, minmay_tromino_v2
D:2:      wad_woods_stonehenge, layout_basic, serial_rivers,
          chequers_serial_rivers_marsh, chequers_serial_rivers_large_a,
          chequers_serial_rivers_micro_e, chequers_serial_rivers_room_b,
          chequers_serial_rivers_small_3
D:3:      layout_basic, minmay_misc_feat_tiny, uniq_ijyb, uniq_sigmund,
          uniq_natasha

Skill      XL: |  1  2  3  4  5  6 |
---------------+-------------------+-----
Fighting       | 4 5 6 |  6.5
Axes           | 4 5 6 |  6.6
Dodging        | 3 4 5 |  5.4
Armour         | |  2.4

Action                   |  1- 3 |  4- 6 |  7- 9 || total
-------------------------+-------+-------+-------++-------
Melee: Hand axe          |    61 |    97 |     7 ||   165
       Headbutt          |     7 |    13 |     3 ||    23
       Punch             |       |     4 |       ||     4
Invok: Berserk           |     1 |     3 |       ||     4
       Trog's Hand       |       |     1 |       ||     1
  Use: Scroll            |       |     4 |       ||     4
 Stab: Sleeping          |       |     2 |       ||     2
Armor: Animal skin       |     9 |    19 |     2 ||    30
Dodge: Dodged            |    48 |    61 |     1 ||   110
Block: Other             |       |     8 |     1 ||     9

Table legend: (Time is in decaauts)
 A = Elapsed time spent in this place.
 B = Non-inter-level travel time spent in this place.
 C = Inter-level travel time spent in this place.
 D = Time resting spent in this place.
 E = Time spent auto-exploring this place.
 F = Levels seen in this place.
 G = Mean time per level.
                   A        B        C        D        E       F      G
               +--------+--------+--------+--------+--------+-----+--------+
         Total |   2564 |   2460 |    104 |    103 |   1926 |   3 |  854.7 |
       Dungeon |   2564 |   2460 |    104 |    103 |   1926 |   3 |  854.7 |
               +--------+--------+--------+--------+--------+-----+--------+

Top non-repeatable levels by time:
     D:2: 1214 daAuts
     D:1: 1066 daAuts
     D:3: 283 daAuts
